 Dungeon Crawl Stone Soup version 0.22-a0-565-gfc6459a524 (webtiles) character file.

3339 Kholdaimon the Cleaver (level 10, -3/71 HPs)
             Began as a Formicid Fighter on June 28, 2018.
             Was an Elder of Okawaru.
             Slain by an orc warrior
             ... wielding a +0 war axe
              (10 damage)
             ... on level 8 of the Dungeon.
             The game lasted 00:52:06 (8045 turns).

Kholdaimon the Cleaver (Formicid Fighter)           Turns: 8045, Time: 00:52:08

Health: -3/71      AC:  9    Str: 26    XL:     10   Next: 22%
Magic:  14/14      EV: 15    Int: 11    God:    Okawaru [****..]
Gold:   448        SH: 15    Dex: 15    Spells: 14/15 levels left

rFire    + . .     SeeInvis +   a - +1 war axe
rCold    . . .     Gourm    .   c - +0 shield
rNeg     . . .     Faith    .   b - +0 scale mail
rPois    .         Spirit   .   (helmet unavailable)
rElec    .         Reflect  +   (no cloak)
rCorr    .         Harm     .   C - +0 pair of gloves
MR       +....                  (no boots)
Stlth    +.........             s - +3 amulet of reflection
HPRegen  0.21/turn              m - ring of flight
MPRegen  0.14/turn              l - ring of protection from fire

@: mighty, agile
A: permanent stasis, dig shafts and tunnels, four strong arms, antennae 3
a: Dig, Shaft Self, Heroism, Renounce Religion, Evoke Flight


You were on level 8 of the Dungeon.
You worshipped Okawaru.
Okawaru was greatly pleased with you.
You were not hungry.

You visited 1 branch of the dungeon, and saw 8 of its levels.

You collected 448 gold pieces.

Inventory:

Hand Weapons
 a - a +1 war axe (weapon)
 g - a +3 flail of freezing
 q - the +0 hunting sling "Xicsos" {velocity, Str+2 Int+2}
   (You found it on level 5 of the Dungeon)

   Any stone fired from it inflicts extra damage.
   It affects your strength (+2).
   It affects your intelligence (+2).
 F - a +0 shortbow
Missiles
 i - 3 poisoned javelins
 j - 207 arrows
 n - 6 tomahawks
 o - 205 stones (quivered)
 u - 35 poisoned needles
 w - 124 sling bullets
 I - 4 javelins
 K - 63 bolts
 L - 8 curare-tipped needles
 T - 2 needles of frenzy
Armour
 b - a +0 scale mail (worn)
 c - a +0 shield (worn)
 h - a +0 chain mail
 C - a +0 pair of gloves (worn)
 N - a +0 plate armour
Jewellery
 l - a ring of protection from fire (right hand)
 m - a ring of flight (left hand)
 s - a +3 amulet of reflection (around neck)
 Q - an uncursed ring of positive energy {unknown}
Wands
 M - a wand of random effects (20)
 O - a wand of flame (26)
Scrolls
 p - a scroll of immolation {unknown}
 r - a scroll of enchant armour {unknown}
 x - a scroll of enchant weapon
 y - a scroll of magic mapping
 E - a scroll of remove curse
 H - a scroll of amnesia
 P - a scroll of vulnerability {unknown}
 R - 3 scrolls of identify
 S - a scroll of noise {unknown}
Potions
 d - a potion of might
 e - 2 potions of cancellation
 k - 6 potions of curing
 t - a potion of agility
 v - 2 potions of lignification
 z - a potion of resistance
 A - 3 potions of mutation
 B - a potion of flight {unknown}
 D - 2 potions of brilliance {unknown}
 G - 2 potions of degeneration {unknown}
 J - a potion of ambrosia {unknown}
Comestibles
 f - 14 rations


   Skills:
 - Level 4.0 Fighting
 * Level 9.3 Axes
 + Level 7.8 Armour
 - Level 9.0 Shields
 - Level 3.0 Spellcasting
 - Level 2.0 Translocations


You had 14 spell levels left.
You knew the following spells:

 Your Spells              Type           Power        Failure   Level  Hunger
a - Apportation           Tloc           #.....       24%         1    #......

Your spell library contained the following spells:

 Spells                   Type           Power        Failure   Level  Hunger
 Fireball                 Conj/Fire      #.........   100%        5    ######.
 Conjure Flame            Conj/Fire      #.......     85%         3    ###....
 Confuse                  Hex            #.......     85%         3    ###....
 Throw Flame              Conj/Fire      #.....       63%         2    ###....
 Throw Frost              Conj/Ice       #.....       63%         2    ###....
 Summon Small Mammal      Summ           #...         47%         1    #......
 Animate Dead             Necr           N/A          99%         4    #####..
 Pain                     Necr           #...         47%         1    #......
 Animate Skeleton         Necr           N/A          47%         1    #......
 Vampiric Draining        Necr           #.........   85%         3    ###....
 Freeze                   Ice            #...         47%         1    #......
 Sticky Flame             Conj/Fire      #.......     99%         4    #####..
 Summon Ice Beast         Ice/Summ       #.......     99%         4    #####..
 Ozocubu's Armour         Chrm/Ice       #.......     85%         3    ###....
 Regeneration             Chrm/Necr      #.........   85%         3    ###....
 Tukima's Dance           Hex            #.......     85%         3    ###....
 Throw Icicle             Conj/Ice       #.......     99%         4    #####..
 Confusing Touch          Hex            #.....       47%         1    #......
 Flame Tongue             Conj/Fire      #....        47%         1    #......
 Ensorcelled Hibernation  Hex/Ice        #.....       63%         2    ###....
 Corona                   Hex            #......      47%         1    #......
 Inner Flame              Hex/Fire       #.......     85%         3    ###....
 Dazzling Spray           Conj/Hex       #.....       85%         3    ###....


Dungeon Overview and Level Annotations

Branches:
Dungeon (8/15)             Temple (0/1) D:5
   Lair: D:8-11

Altars:
Ashenzari
Elyvilon
Fedhas
Gozag
Okawaru
Qazlal
Ru
Sif Muna
Trog
Vehumet
Wu Jian

Annotations:
D:2 Grinder


Innate Abilities, Weirdness & Mutations

You cannot be hasted, slowed, berserked, paralysed or teleported.
You can dig through walls and to a lower floor.
Your four strong arms can wield two-handed weapons with a shield.
You have a pair of large antennae on your head. (SInv)


Message History

You slash the orc warrior!
The orc warrior is heavily wounded.
The orc warrior hits you with a war axe.
The orc priest looks satisfied for a moment.
You closely miss the orc warrior.
The orc warrior is heavily wounded.
The orc warrior hits you with a war axe!!
* * * LOW HITPOINT WARNING * * *
You hit the orc warrior.
The orc warrior is heavily wounded.
The orc priest casts a cantrip, but nothing happens.
You block the orc warrior's attack.
You hit the orc warrior but do no damage.
The orc warrior is heavily wounded.
The orc warrior hits you with a war axe.
* * * LOW HITPOINT WARNING * * *
You feel agile all of a sudden.
You feel very mighty all of a sudden.
The orc warrior hits you with a war axe!
You die...

###########
.....oo@).#
....##########.#
...... ##.# ##
#.#..# #..# ..
..... #.## #.
.... ..# #.#
#.#..##.# #.#
#.# #....##.#
#.# #.#
##.#..... #.#
#.#


You could see an orc warrior and an orc priest.

Vanquished Creatures
  A spriggan (D:7)
  A hungry ghost (D:8)
  An ice beast (D:7)
  Duvessa (D:7)
  2 orc warriors
  2 sky beasts (D:5)
  A black bear (D:7)
  2 ogres
  3 centaurs
  2 bullfrogs
  Dowan (D:7)
  A water moccasin skeleton (D:4)
  9 killer bees (D:8)
  A howler monkey (D:5)
  5 wights
  3 crimson imps
  A bullfrog zombie (D:8)
  2 centaur zombies
  3 orc priests
  A jelly (D:5)
  4 hounds
  A bullfrog skeleton (D:7)
  An iguana (D:7)
  9 orc wizards
  Natasha (thrice) (D:3 D:4)
  3 worker ants
  Robin (D:2)
  3 gnolls (D:7)
  7 adders
  2 shadow imps
  An ooze (D:5)
  A worm (D:2)
  A dart slug (D:1)
  5 leopard geckos
  27 orcs
  A ball python (D:3)
  9 bats
  8 giant cockroaches
  9 goblins
  8 hobgoblins
  4 jackals (D:3)
  5 kobolds
  2 quokkas
  4 frilled lizards
  3 rats
165 creatures vanquished.

Notes
Turn   | Place    | Note
-------+----------+-------------------------------------------
     0 | D:1      | Kholdaimon the Formicid Fighter began the quest for the Orb.
     0 | D:1      | Reached XP level 1. HP: 18/18 MP: 1/1
     8 | D:1      | Noticed a bullfrog
   103 | D:1      | Reached XP level 2. HP: 23/24 MP: 2/2
   600 | D:2      | Reached XP level 3. HP: 29/29 MP: 3/3
   607 | D:2      | Found an iron altar of Okawaru.
   621 | D:2      | Became a worshipper of Warmaster Okawaru
   683 | D:2      | Learned a level 1 spell: Apportation
   840 | D:2      | Reached XP level 4. HP: 28/35 MP: 5/5
   924 | D:2      | Reached skill level 1 in Spellcasting
  1091 | D:2      | Noticed Robin
  1108 | D:2      | Killed Robin
  1216 | D:3      | Noticed Grinder
  1575 | D:3      | Noticed Natasha
  1588 | D:3      | Killed Natasha
  1588 | D:3      | Reached XP level 5. HP: 22/42 MP: 6/6
  2393 | D:4      | Reached skill level 5 in Shields
  2393 | D:4      | Reached XP level 6. HP: 44/48 MP: 8/8
  2579 | D:4      | Noticed Natasha
  2580 | D:4      | Found a shattered altar of Ashenzari.
  2593 | D:4      | Killed Natasha
  2616 | D:4      | Noticed an ogre
  2624 | D:4      | Killed an ogre
  2624 | D:4      | Reached * piety under Okawaru
  2738 | D:4      | Noticed Natasha
  2752 | D:4      | Killed Natasha
  2752 | D:4      | Reached XP level 7. HP: 41/54 MP: 10/10
  2913 | D:4      | Reached skill level 1 in Translocations
  3228 | D:5      | Entered Level 5 of the Dungeon
  3384 | D:5      | Got a transparent hunting sling
  3480 | D:5      | Reached ** piety under Okawaru
  3624 | D:5      | Reached XP level 8. HP: 48/60 MP: 10/12
  3791 | D:5      | Found a staircase to the Ecumenical Temple.
  3812 | D:5      | Reached skill level 5 in Armour
  3838 | D:5      | Reached skill level 5 in Axes
  4465 | D:5      | Reached *** piety under Okawaru
  4992 | D:6      | Reached XP level 9. HP: 58/65 MP: 13/13
  5044 | D:6      | Identified the cursed +0 hunting sling "Xicsos" {velocity, Str+2 Int+2} (You found it on level 5 of the Dungeon)
  5093 | D:6      | Received a gift from Okawaru
  5105 | D:6      | HP: 1/65 [orc warrior/halberd (6)]
  5128 | D:6      | Found a stormy altar of Qazlal.
  6263 | D:7      | Found a bloodstained altar of Trog.
  6733 | D:7      | Noticed Dowan
  6733 | D:7      | Noticed Duvessa
  6746 | D:7      | Killed Duvessa
  6755 | D:7      | Killed Dowan
  6877 | D:7      | Found a white marble altar of Elyvilon.
  7398 | D:8      | Found a blossoming altar of Fedhas.
  7399 | D:8      | Found an ornate altar of the Wu Jian Council.
  7409 | D:8      | Found a radiant altar of Vehumet.
  7409 | D:8      | Found an opulent altar of Gozag.
  7410 | D:8      | Found a deep blue altar of Sif Muna.
  7410 | D:8      | Found a sacrificial altar of Ru.
  7427 | D:8      | Reached **** piety under Okawaru
  7582 | D:8      | Reached XP level 10. HP: 71/71 MP: 14/14
  8045 | D:8      | Slain by an orc warrior

Vault maps used:
D:1:      evilmike_arrival_come_back, minmay_misc_feat_iff
D:2:      first_ration, okawaru_gym_becter, uniq_robin
D:3:      kb_forest_paths, uniq_natasha, uniq_grinder
D:4:      cheibrodos_old_hovel, old_standard_altar
D:5:      minmay_temple_entry_glass
D:6:      nicolae_qazlal_general_emergency
D:7:      elyvilon_altar_4, basic_altar, the_bakery, uniq_duvessa
D:8:      grunt_temple_overflow_open, uniq_gastronok

Skill      XL: |  1  2  3  4  5  6  7  8  9 10 |
---------------+-------------------------------+-----
Shields        | 4 5 6 7 9 |  9.0
Spellcasting   | 1 2 3 |  3.0
Axes           | 3 4 6 8 9 |  9.3
Fighting       | 4 |  4.0
Armour         | 4 5 7 |  7.8
Translocations | 1 2 |  2.0

Action                   |  1- 3 |  4- 6 |  7- 9 | 10-12 || total
-------------------------+-------+-------+-------+-------++-------
Melee: War axe           |    56 |   181 |   439 |    70 ||   746
 Fire: Shortbow          |       |       |     2 |       ||     2
       Hunting sling     |       |       |    17 |       ||    17
Throw: Stone             |     4 |    31 |     4 |       ||    39
  Use: Scroll            |       |    12 |     5 |       ||    17
       Potion            |       |       |     1 |     4 ||     5
  Eat: Chunk             |       |     5 |    14 |       ||    19
       Ration            |       |       |     1 |     1 ||     2
Armor: Scale mail        |    33 |    64 |   138 |    26 ||   261
Dodge: Dodged            |    22 |    46 |   125 |    35 ||   228
Block: Shield            |    30 |   108 |   320 |    86 ||   544
       Reflection        |       |     2 |     3 |       ||     5

Table legend:
 A = Spawn XP
 B = Non-spawn XP
 C = Spawn XP percentage of total XP
 D = Spawn monster count
 E = Non-spawn monster count
 F = Spawn count percentage of total count
 G = Total turns spent on level
                    A         B        C        D         E        F      G
               +---------+---------+-------+---------+---------+-------+---------
         Total |       0 |    4771 |   0.0 |       0 |     165 |   0.0 |  8045
               +---------+---------+-------+---------+---------+-------+---------
           D:1 |       0 |      23 |   0.0 |       0 |      12 |   0.0 |   590
           D:2 |       0 |      92 |   0.0 |       0 |      28 |   0.0 |   641
           D:3 |       0 |     120 |   0.0 |       0 |      25 |   0.0 |  1150
           D:4 |       0 |     465 |   0.0 |       0 |      22 |   0.0 |   847
           D:5 |       0 |     939 |   0.0 |       0 |      21 |   0.0 |  1660
           D:6 |       0 |     846 |   0.0 |       0 |      22 |   0.0 |  1142
           D:7 |       0 |    1196 |   0.0 |       0 |      19 |   0.0 |  1364
           D:8 |       0 |    1090 |   0.0 |       0 |      16 |   0.0 |   651
               +---------+---------+-------+---------+---------+-------+---------
